 Dungeon Crawl Stone Soup version 0.23-a0-309-ge7838e6 (webtiles) character file.

9 galech the Skirmisher (level 2, 24/24 HPs)
             Began as a Demonspawn Fighter on Oct 11, 2018.
             Quit the game on level 1 of the Dungeon.
             The game lasted 00:00:32 (394 turns).

galech the Skirmisher (Demonspawn Fighter)           Turns: 394, Time: 00:00:32

Health: 24/24      AC:  9    Str: 16    XL:     2   Next: 3%
Magic:  2/2        EV:  6    Int:  9    God:
Gold:   18         SH:  8    Dex: 12    Spells: 1/1 levels left

rFire    . . .     SeeInvis .   a - +0 war axe
rCold    . . .     Gourm    .   c - +0 shield
rNeg     . . .     Faith    .   b - +0 scale mail
rPois    .         Spirit   .   (no helmet)
rElec    .         Reflect  .   (no cloak)
rCorr    .         Harm     .   k - +0 pair of gloves
MR       .....                  j - +0 pair of boots
Stlth    ..........             (no amulet)
HPRegen  0.08/turn              (no ring)
MPRegen  0.08/turn              (no ring)

@: no status effects
A: talons 1
a: no special abilities


You were on level 1 of the Dungeon.
You were not hungry.

You visited 1 branch of the dungeon, and saw 1 of its levels.

You collected 18 gold pieces.

Inventory:

Hand Weapons
 a - a +0 war axe (weapon)
Armour
 b - a +0 scale mail (worn)
 c - a +0 shield (worn)
 j - a +0 pair of boots (worn)
 k - a +0 pair of gloves (worn)
Scrolls
 e - a scroll of remove curse {unknown}
 g - 2 scrolls of fear {unknown}
 i - a scroll of fog {unknown}
Potions
 d - a potion of might
Comestibles
 f - 2 rations
 h - 2 chunks of flesh


   Skills:
 + Level 3.1 Fighting
 + Level 1.9 Axes
 + Level 2.9 Armour
 + Level 2.8 Shields


You had one spell level left.
You didn't know any spells.
Your spell library was empty.

Dungeon Overview and Level Annotations

Branches:
Dungeon (1/15)

Altars:


Innate Abilities, Weirdness & Mutations

You have sharp toenails.


Message History

You hit the giant cockroach.
You kill the giant cockroach!
The goblin barely misses you.
You hit the goblin.
The goblin is severely wounded.
You block the goblin's attack.
You closely miss the goblin.
The goblin is severely wounded.
The goblin hits you but does no damage. x2
You slash the goblin!
You kill the goblin!
You have reached level 2!
You feel monstrous as your demonic heritage exerts itself.
Your demonic ancestry asserts itself...
Your toenails lengthen and sharpen.
You see here a goblin corpse.
You butcher the goblin corpse.
h - 2 chunks of flesh (gained 1)
You see here a goblin skeleton.
Are you sure you want to abandon this character and quit the game? (Confirm

#...................##+#...[.....
#....# ..........................
.....##..........##.#............
..........##.....##.#............
..........##.....##.#............
.................##.#............
.................##.#............
............##......#............
<...........##..@#..#............
.................#..#............
.................#..#............
...........##....#..#............
...........##....#...............
.........................รท.......
.......##..............##'#######
.##....##....>##.......##.# #
.##..........##........+..# #


There were no monsters in sight!

Vanquished Creatures
  2 bats (D:1)
  A giant cockroach (D:1)
  3 goblins (D:1)
  A rat (D:1)
7 creatures vanquished.

Notes
Turn   | Place    | Note
-------+----------+-------------------------------------------
     0 | D:1      | galech the Demonspawn Fighter began the quest for the Orb.
     0 | D:1      | Reached XP level 1. HP: 18/18 MP: 1/1
   390 | D:1      | Gained mutation: You have sharp toenails. [demonic
                  | ancestry]
   390 | D:1      | Reached XP level 2. HP: 24/24 MP: 2/2
   394 | D:1      | Quit the game

Vault maps used:
D:1:      dpeg_arrival_stonehenge_12_columns

Action                   || total
-------------------------++-------
Melee: War axe           ||    16
Armor: Scale mail        ||    12
Dodge: Dodged            ||     3
Block: Shield            ||    12

Table legend:
 A = Non-vault XP
 B = Vault XP
 C = Vault XP percentage of total XP
 D = Non-vault monster count
 E = Vault monster count
 F = Vault count percentage of total count
                 A         B        C        D         E       F
            +---------+---------+-------+---------+---------+-------
      Total |      13 |       0 |   0.0 |       7 |       0 |   0.0
            +---------+---------+-------+---------+---------+-------
        D:1 |      13 |       0 |   0.0 |       7 |       0 |   0.0
            +---------+---------+-------+---------+---------+-------
